 Dungeon Crawl Stone Soup version 0.32-a0-329-ge6c31236d6 (webtiles) character file.

Game seed: 14958156688729398961

1559884 Aldia the Sorcerer (level 26, 161/161 HPs)
             Began as a Deep Elf Conjurer on Feb 16, 2024.
             Was an Elder of Sif Muna.
             Escaped with the Orb
             ... and 3 runes!
             The game lasted 04:57:32 (78739 turns).

Aldia the Sorcerer (Deep Elf Conjurer)             Turns: 78739, Time: 04:57:33

Health: 161/161    AC: 22    Str:  4      XL:     26   Next: 6%
Magic:  63/63      EV: 19    Int: 50 (52) God:    Sif Muna [****..]
Gold:   7084       SH: 15    Dex: 15      Spells: 4/75 levels left

rFire   + + +        W - staff of conjuration
rCold   x . .        e - +2 kite shield of Kamakh {Int+5 Stlth-}
rNeg    . . .        h - +3 troll leather armour
rPois   +            R - +2 helmet {SInv}
rElec   +            b - +2 cloak of Beogh's Displeasure {rC+ Stlth+}
rCorr   +            u - +2 pair of gloves
SInv    +            B - +2 pair of boots
Will    ++...        f - amulet of the Mpinguari {RegenMP rElec Dex+3}
Stlth   +            J - ring "Tyidaung" {rPois rF++ Int+2 Dex+2}
HPRegen 1.26/turn    T - ring of Yesterday {Fire rCorr MP+9 Int+9 Dex-3}
MPRegen 0.78/turn

%: no passive effects
@: studying 2 skills
A: iridescent scales 1, wild magic 1, cold vulnerability 1
0: Orb of Zot
}: 3/15 runes: decaying, serpentine, slimy
a: Renounce Religion, Channel Magic, Forget Spell, Divine Exegesis


You escaped.
You worshipped Sif Muna.
Sif Muna was greatly pleased with you.
You visited 12 branches of the dungeon, and saw 55 of its levels.
You visited the Abyss 1 time.
You also visited: Gauntlet, Ice Cave and Wizlab.

You collected 10836 gold pieces.
You spent 3752 gold pieces at shops.

Inventory:

Armour
 b - the +2 cloak of Beogh's Displeasure (worn) {rC+ Stlth+}
   (You found it on level 7 of the Dungeon)

   rC+:       It protects you from cold.
   Stlth+:    It makes you more stealthy.
 e - the +2 kite shield of Kamakh (worn) {Int+5 Stlth-}
   (You acquired it in a wizard's laboratory)

   Int+5:     It affects your intelligence (+5).
   Stlth-:    It makes you less stealthy.
 h - a +3 troll leather armour (worn)
 u - a +2 pair of gloves (worn)
 B - a +2 pair of boots (worn)
 R - a +2 helmet of see invisible (worn)
 Y - the +3 robe of Courage {Archmagi}
   (You took it off Boris on level 3 of the Crypt)

   Archmagi:  It increases the power of your magical spells.
Magical Staves
 W - a staff of conjuration (weapon)
Jewellery
 f - the amulet of the Mpinguari (around neck) {RegenMP rElec Dex+3}
   (You found it in a Gauntlet)

   [amulet of magic regeneration]

   RegenMP:   It increases your rate of magic regeneration.
   Dex+3:     It affects your dexterity (+3).
   rElec:     It insulates you from electricity.
 l - the ring "Byopok Pafy" {rN+ rCorr AC+4 Slay-2}
   (You took it off a minotaur in a Gauntlet)

   [ring of protection]

   AC+4:      It affects your AC (+4).
   Slay-2:    It affects your accuracy & damage with ranged weapons and melee
   (-2).
   rN+:       It protects you from negative energy.
   rCorr:     It protects you from acid and corrosion.
 y - a +5 ring of evasion
 D - a ring of protection from cold
 E - a +6 ring of intelligence
 J - the ring "Tyidaung" (left hand) {rPois rF++ Int+2 Dex+2}
   (You found it in a Gauntlet)

   [ring of poison resistance]

   Int+2:     It affects your intelligence (+2).
   Dex+2:     It affects your dexterity (+2).
   rF++:      It greatly protects you from fire.
   rPois:     It protects you from poison
 N - the ring of Cuewnash {rPois Str+3 Int+2 Slay+3}
   (You took it off an orc on level 11 of the Dungeon)

   [ring of poison resistance]

   Str+3:     It affects your strength (+3).
   Int+2:     It affects your intelligence (+2).
   Slay+3:    It affects your accuracy & damage with ranged weapons and melee
   (+3).
   rPois:     It protects you from poison
 T - the ring of Yesterday (right hand) {Fire rCorr MP+9 Int+9 Dex-3}
   (You acquired it on level 1 of the Elven Halls)

   [ring of fire]

   Fire:      It enhances your fire magic.
   Int+9:     It affects your intelligence (+9).
   Dex-3:     It affects your dexterity (-3).
   rF+:       It protects you from fire.
   rC-:       It makes you vulnerable to cold.
   MP+9:      It affects your magic capacity (+9).
   rCorr:     It protects you from acid and corrosion.
 X - a ring of willpower
Talismans
 s - the granite talisman of Death Resistance {Int+4 SInv}
   (You found it on level 4 of the Depths)

   [granite talisman]

   Int+4:     It affects your intelligence (+4).
   SInv:      It lets you see invisible.
Wands
 i - a wand of polymorph (13)
 r - a wand of digging (25)
 t - a wand of mindburst (8)
 z - a wand of light (17)
 F - a wand of iceblast (67)
 Q - a wand of paralysis (67)
Scrolls
 c - 2 scrolls of summoning
 d - 2 scrolls of torment
 k - 12 scrolls of noise
 n - 2 scrolls of silence
 o - 10 scrolls of fear
 q - 14 scrolls of fog
 v - 3 scrolls of vulnerability
 x - 15 scrolls of teleportation
 C - a scroll of immolation
 L - 9 scrolls of poison
 P - 2 scrolls of blinking
Potions
 g - 11 potions of might
 j - 4 potions of cancellation
 m - 3 potions of resistance
 p - 6 potions of enlightenment
 w - 26 potions of curing
 A - a potion of heal wounds
 H - 5 potions of brilliance
 I - 4 potions of lignification
 K - 3 potions of ambrosia
 M - 7 potions of mutation
 S - 15 potions of haste
 U - 2 potions of magic
 V - 5 potions of attraction
 Z - 3 potions of invisibility
Miscellaneous
 a - a phantom mirror
 G - a box of beasts


   Skills:
 + Level 15.3 Fighting
 - Level 4.0 Staves
 - Level 6.4 Armour
 - Level 20.5 Dodging
 - Level 4.5 Stealth
 + Level 13.6 Shields
 - Level 25.0 Spellcasting
 - Level 14.0 Conjurations
 - Level 8.0 Hexes
 * Level 24.9 Summonings
 - Level 5.0 Necromancy
 - Level 10.0 Translocations
 - Level 3.2 Fire Magic
 - Level 12.1 Earth Magic
 - Level 8.0 Alchemy
 - Level 12.0 Invocations
 - Level 7.0 Evocations


You had 4 spell levels left.
You knew the following spells:

 Your Spells              Type           Power      Damage    Failure   Level
a - Martyr's Knell        Necr/Summ      100%       N/A       1%          4
b - Lee's Rapid Deconstr  Erth           63%        3d29*     1%          5
c - Borgnjor's Vile Clut  Necr/Erth      56%        N/A       2%          5
d - Summon Horrible Thin  Summ           79%        N/A       1%          8
e - Haunt                 Necr/Summ      67%        N/A       4%          7
f - Irradiate             Conj/Alch      73%        3d36      1%          5
g - Bombard               Conj/Erth      77%        9d12      1%          6
h - Dragon's Call         Summ           79%        N/A       8%          9
i - Yara's Violent Unrav  Hex/Alch       55%        3d21      2%          5
j - Spellforged Servitor  Conj/Summ      86%        N/A       1%          7
k - Blink                 Tloc           100%       N/A       1%          2
l - Apportation           Tloc           100%       N/A       1%          1
m - Malign Gateway        Summ/Tloc      71%        N/A       1%          7

Your spell library contained the following spells:

 Spells                   Type           Power      Damage    Failure   Level
 Foxfire                  Conj/Fire      100%       2x1d9     1%          1
 Kiss of Death            Conj/Necr      100%       2d13      1%          1
 Magic Dart               Conj           100%       1d8       1%          1
 Necrotise                Necr           100%       1d9       1%          1
 Sandblast                Erth           100%       2d20      1%          1
 Shock                    Conj/Air       100%       1d9       1%          1
 Slow                     Hex            100%       N/A       1%          1
 Sting                    Conj/Alch      100%       1d9       1%          1
 Summon Small Mammal      Summ           100%       N/A       1%          1
 Call Imp                 Summ           100%       N/A       1%          2
 Cigotuvi's Dreadful Rot  Necr/Alch/Air  100%       N/A       1%          2
 Ensorcelled Hibernation  Hex/Ice        100%       N/A       1%          2
 Jinxbite                 Hex            100%       N/A       1%          2
 Lesser Beckoning         Tloc           100%       N/A       1%          2
 Mercury Vapours          Alch/Air       100%       N/A       1%          2
 Momentum Strike          Conj/Tloc      100%       3d10      1%          2
 Scorch                   Fire           100%       2d9       1%          2
 Searing Ray              Conj           100%       2d8       1%          2
 Static Discharge         Conj/Air       100%       3-8/arc   1%          2
 Sublimation of Blood     Necr           98%        N/A       1%          2
 Call Canine Familiar     Summ           100%       N/A       1%          3
 Confusing Touch          Hex            100%       N/A       1%          3
 Dazzling Flash           Conj/Hex       100%       N/A       1%          3
 Fugue of the Fallen      Necr           98%        N/A       1%          3
 Gell's Gravitas          Tloc           100%       N/A       1%          3
 Hailstorm                Conj/Ice       100%       3d16      1%          3
 Inner Flame              Hex/Fire       100%       N/A       1%          3
 Mephitic Cloud           Conj/Alch/Air  100%       N/A       1%          3
 Passwall                 Erth           100%       N/A       1%          3
 Sigil of Binding         Hex            100%       N/A       1%          3
 Stone Arrow              Conj/Erth      100%       3d13      1%          3
 Summon Ice Beast         Ice/Summ       100%       N/A       1%          3
 Teleport Other           Tloc           100%       N/A       1%          3
 Tukima's Dance           Hex            100%       N/A       1%          3
 Vampiric Draining        Necr           98%        2d13      1%          3
 Volatile Blastmotes      Fire/Tloc      100%       2d18      1%          3
 Anguish                  Hex/Necr       52%        N/A       1%          4
 Animate Armour           Summ/Erth      100%       N/A       1%          4
 Brom's Barrelling Bould  Conj/Erth      100%       2d11      1%          4
 Cause Fear               Hex            55%        N/A       1%          4
 Dimensional Bullseye     Hex/Tloc       57%        N/A       1%          4
 Flame Wave               Conj/Fire      100%       2d21      1%          4
 Fulminant Prism          Conj/Alch      73%        3d29      1%          4
 Iskenderun's Mystic Bla  Conj/Tloc      100%       2d19      1%          4
 Leda's Liquefaction      Alch/Erth      59%        N/A       1%          4
 Manifold Assault         Tloc           100%       N/A       1%          4
 Olgreb's Toxic Radiance  Alch           100%       N/A       1%          4
 Passage of Golubria      Tloc           100%       N/A       1%          4
 Petrify                  Alch/Erth      100%       N/A       1%          4
 Summon Blazeheart Golem  Fire/Summ      100%       N/A       1%          4
 Summon Lightning Spire   Summ/Air       100%       N/A       1%          4
 Freeze                   Ice            100%       1d10      2%          1
 Ignite Poison            Fire/Alch      100%       N/A       2%          4
 Sticky Flame             Fire/Alch      100%       2d15      2%          4
 Animate Dead             Necr           98%        N/A       3%          4
 Dispel Undead            Necr           98%        3d31      3%          4
 Vhi's Electric Charge    Tloc/Air       100%       N/A       3%          4
 Frozen Ramparts          Ice            100%       1d16      6%          3
 Ozocubu's Armour         Ice            69%        N/A       6%          3
 Swiftness                Air            69%        N/A       6%          3
 Airstrike                Air            34%        2d(5-21)  19%         4
 Iskenderun's Battlesphe  Conj           100%       2d15      1%          5
 Summon Forest            Summ/Tloc      71%        N/A       1%          5
 Summon Mana Viper        Hex/Summ       100%       N/A       1%          5
 Summon Cactus Giant      Summ           79%        N/A       1%          6
 Monstrous Menagerie      Summ           79%        N/A       1%          7
 Summon Hydra             Summ           79%        N/A       1%          7
 Alistair's Intoxication  Alch           74%        N/A       2%          5
 Fireball                 Conj/Fire      81%        3d30      2%          5
 Arcjolt                  Conj/Air       65%        1d75      3%          5
 Dispersal                Tloc           59%        N/A       5%          6
 Orb of Destruction       Conj           78%        9d18      6%          7
 Curse of Agony           Necr           98%        N/A       8%          5
 Freezing Cloud           Conj/Ice/Air   59%        6-21      9%          5
 Starburst                Conj/Fire      81%        6d21      10%         6
 Metabolic Englaciation   Hex/Ice        46%        N/A       11%         5
 Silence                  Hex/Air        46%        N/A       11%         5
 Eringya's Noxious Bog    Alch           55%        4d6       12%         6
 Conjure Ball Lightning   Conj/Air       65%        3x3d23    16%         6
 Death Channel            Necr           49%        N/A       34%         6
 Sculpt Simulacrum        Ice/Alch       46%        N/A       45%         6
 Enfeeble                 Hex            55%        N/A       47%         7
 Lehudib's Crystal Spear  Conj/Erth      77%        10d17     47%         8
 Plasma Beam              Fire/Air       50%        2x1d65    78%         6
 Disjunction              Tloc           59%        N/A       86%         8
 Discord                  Hex            55%        N/A       98%         8
 Ozocubu's Refrigeration  Ice            34%        4d15      100%        7
 Borgnjor's Revivificati  Necr           49%        N/A       100%        8
 Ignition                 Fire           55%        3d15      100%        8
 Maxwell's Capacitive Co  Air            34%        ∞         100%        8
 Chain Lightning          Conj/Air       65%        3d87      100%        9
 Death's Door             Necr           49%        N/A       100%        9
 Fire Storm               Conj/Fire      81%        8d21      100%        9
 Shatter                  Erth           63%        3d47*     100%        9


Dungeon Overview and Level Annotations

Branches:
Dungeon (15/15)            Temple (1/1) D:6            Lair (5/5) D:11
  Swamp (4/4) Lair:3        Snake (4/4) Lair:2        Slime (5/5) Lair:4
    Orc (2/2) D:9             Elf (3/3) Orc:2        Vaults (4/5) D:13
  Crypt (3/3) Vaults:2       Tomb (0/3) Crypt:3      Depths (4/4) D:15
    Zot (5/5) Depths:4      IceCv (visited)          WizLab (visited)
Gauntlet (visited)

Altars:
Ashenzari
Cheibriados
Dithmenos
Elyvilon
Fedhas
Gozag
Hepliaklqana
Kikubaaqudgha
Makhleb
Nemelex Xobeh
Okawaru
Qazlal
Ru
Sif Muna
Trog
Uskayaw
Vehumet
Wu Jian
Xom
Yredelemnul
Zin
The Shining One
Beogh
Jiyva
Lugonu

Shops:
D:6 *   D:8 (   D:14 :   D:15 =   Orc:2 (:[:   Elf:1 *   Elf:2 !   Snake:1 **(*
Snake:2 :[:=   Snake:4 ![   Vaults:1 !   Vaults:2 (   Vaults:4 (   Depths:2 =:=

Portals:
Hell: Depths:1 Depths:2 Depths:3 Depths:4
Abyss: Lair:5 Depths:2 Depths:3 Depths:4
Pandemonium: Depths:2 Depths:3
Ziggurat: Depths:3

Annotations:
D:12 exclusion: statue
Lair:3 exclusion: 2 oklob plants
Slime:5 Dissolution
Elf:2 3 runed translucent doors


Innate Abilities, Weirdness & Mutations

You are partially covered in iridescent scales. (AC +2)
Your spells are a little harder to cast, but a little more powerful.
You are vulnerable to cold. (rC-)


Message History

You see here a steam dragon skeleton.
You climb upwards.
There is a stone staircase leading down here.
Things that are here:
a +0 robe; a +0 dagger; an orc skeleton
There is a stone staircase leading up here.
You climb upwards.
There is a stone staircase leading down here.
What level of the Dungeon? (default 1, ? - help)
There is a stone staircase leading up here.
You climb upwards.
There is a stone staircase leading down here.
There is a stone staircase leading up here.
You climb upwards.
There is a stone staircase leading down here.
There is a stone staircase leading up here.
You climb upwards.
There is a stone staircase leading down here.
A blizzard demon comes into view.
The blizzard demon shouts!
You feel a surge of power!
The iron shot hits the blizzard demon!!!
The blizzard demon is heavily wounded.
You feel a surge of power!
The iron shot misses the blizzard demon.
You block the blizzard demon's attack. x2
You feel a surge of power!
The iron shot hits the blizzard demon!!!
You kill the blizzard demon!
Sif Muna accepts your kill.
What level of the Dungeon? (default 1, ? - help)
There is a stone staircase leading up here.
You climb upwards.
There is a stone staircase leading down here.
You see here a jackal skeleton.
Magic restored.
Something unseen opens the door.
You sense a monster nearby.
There is a staircase leading out of the dungeon here.
You have escaped!

.######.......## #..#...#
..####.........####......###
.....'.........'...........#
..####.........####........#
.## ##..######## ##.......#
.## ##........# ###...###
..## #.§§§≈.##### #...# ...#
#..§§≈.#...# ##.## ..##
#....§.#.@.# #.# .##
#......#...# #.# ##
#........### #.# #
#####.....##########.# #
#.....##### #.......#
####.####...# #########
.....# ##.## ###### #.# #.#


There were no monsters in sight!

Vanquished Creatures
  A dread lich (Crypt:1)
  Mara (Elf:3)
  Josephina (Depths:2)
  Parghit (Depths:3)
  A Killer Klown (Zot:5)
  Boris (Depths:3)
  2 curse toes (Zot:4)
  3 caustic shrikes
  3 golden dragons
  Norris (Vaults:2)
  the Enchantress (Depths:2)
  A profane servitor (Crypt:3)
  2 electric golems
  A doom hound (Crypt:3)
  3 bone dragons
  2 Tzitzimimeh
  A hellephant (Depths:3)
  3 walking crystal tomes (Depths:3)
  A deep elf blademaster (Elf:3)
  Asterion (Vaults:1)
  13 tentacled monstrosities
  Grunn (Crypt:3)
  7 Orb Guardians
  2 titans (Depths:4)
  2 deep elf master archers (Elf:3)
  4 sphinxes
  2 quicksilver dragons
  An acid blob (Slime:1)
  7 death cobs
  9 tengu reavers
  5 storm dragons
  Aizul (Vaults:1)
  4 ancient champions
  A draconian monk (Zot:1)
  12 shadow dragons
  3 thorn hunters (Swamp:4)
  2 protean progenitors (Zot:4)
  A rockslime (Slime:2)
  4 nagarajas
  Donald (Crypt:1)
  An azure jelly (Slime:2)
  A draconian shifter (Zot:1)
  2 revenants
  2 fenstrider witches (Swamp:4)
  3 draconian knights
  5 fire giants
  8 deep elf sorcerers
  6 frost giants
  7 ghost moths
  2 deep elf elementalists (Elf:3)
  3 iron dragons
  A balrug (Depths:2)
  A juggernaut zombie (Depths:3)
  2 curse skulls (Crypt:2)
  3 ghouls
  15 vault wardens
  4 reapers
  8 formless jellyfish
  3 demonspawn corrupters (WizLab)
  2 broodmothers (Zot:4)
  10 stone giants
  11 very ugly things
  7 spriggan defenders
  A draconian annihilator (Zot:3)
  An orc warlord (Orc:2)
  3 ironbound thunderhulks
  14 ironbound preservers
  A quicksilver ooze (Slime:2)
  2 vampire knights
  6 green draconians
  9 deep elf demonologists
  A minotaur (Gauntlet)
  2 eleionomae
  6 deep elf death magi
  Azrael (D:14)
  3 bunyips
  4 war gargoyles
  6 black draconians
  6 spark wasps
  6 white draconians
  4 deep elf annihilators (Elf:3)
  9 dire elephants
  7 red draconians
  6 purple draconians
  A green death (Abyss:2)
  A yellow draconian (Zot:3)
  11 ettins
  2 blizzard demons
  4 deep elf high priests
  4 fire dragons
  3 crystal guardians (Vaults:1)
  3 entropy weavers (Depths:4)
  17 jiangshi
  An entropy weaver (shapeshifter) (Elf:2)
  5 salamander tyrants
  13 great orbs of eyes
  7 vault guards
  10 yaktaur captains
  10 rakshasas
  10 hydras
  13 ice dragons
  2 hell beasts
  5 peacekeepers
  Erica (Lair:2)
  5 ghost crabs
  3 ogre magi
  7 ironbound frosthearts
  13 spriggan air magi
  11 alligators
  18 anacondas
  8 two-headed ogres
  7 centaur warriors
  6 boulder beetles
  A merfolk aquamancer (WizLab)
  An anaconda (shapeshifter) (Depths:2)
  2 death knights (Crypt:3)
  A sphinx skeleton (Depths:3)
  9 dancing weapons
  7 tengu warriors
  10 deep troll shamans
  5 vampire magi
  14 deep troll earth magi
  11 naga sharpshooters
  3 thrashing horrors (Lair:5)
  10 naga warriors
  11 shock serpents
  9 occultists
  12 deep elf knights
  13 spriggan berserkers
  8 hell knights
  9 salamander mystics
  3 soul eaters
  An iron giant zombie (Crypt:2)
  2 skysharks (Vaults:2)
  2 ghost moth zombies
  4 shadow wraiths (Crypt:3)
  9 iron trolls
  A fire crab (Gauntlet)
  34 skeletal warriors
  A death drake (Swamp:4)
  The ghost of jboons the Basher, a novice MDWr of Vehumet (D:7)
  5 goliath frogs
  A bunyip zombie (Crypt:2)
  3 sea snakes (Snake:3)
  2 spark wasp zombies (Depths:4)
  10 spriggan druids
  A shadow demon (Depths:2)
  A spectral iron dragon (Crypt:3)
  2 spectral hydras (Swamp:4)
  2 flayed ghosts (Crypt:3)
  3 glowing orange brains
  2 swamp dragons (Swamp:2)
  45 deep trolls
  5 arcanists
  11 bog bodies
  5 naga ritualists
  12 lindwurms
  9 mana vipers
  A golden dragon skeleton (Depths:3)
  2 alligator zombies (Swamp:4)
  18 deep elf archers
  A wolf spider (shapeshifter) (Depths:4)
  2 starcursed masses (Abyss:2)
  4 phantasmal warriors
  7 necromancers
  3 orc knights
  A sphinx simulacrum (Depths:2)
  A wolf spider (D:15)
  A spectral ettin (Crypt:3)
  A nameless horror (Crypt:3)
  19 deep elf zephyrmancers
  7 ironbound convokers
  4 orc sorcerers (Orc:2)
  22 salamanders
  31 deep elf pyromancers
  A goliath frog zombie (Crypt:2)
  3 large abominations
  6 cyclopes
  5 will-o-the-wisps
  A frost giant zombie (Vaults:4)
  A shining eye (Slime:2)
  23 ugly things
  14 moths of wrath
  A moth of wrath (shapeshifter) (Depths:4)
  4 worldbinders (WizLab)
  A faun (shapeshifter) (D:15)
  4 manticores
  Joseph (D:10)
  5 elephants (Lair:1)
  2 ice statues (IceCv)
  34 black mambas
  7 kobold blastminers (Orc:2)
  An eye of devastation (Slime:3)
  A water nymph (shapeshifter) (Depths:4)
  16 naga magi
  18 vault sentinels
  3 smoke demons (Lair:5)
  4 gargoyles
  15 cane toads
  A hellion (D:10)
  4 guardian serpents
  A storm dragon simulacrum (Depths:2)
  3 swamp worm zombies (Swamp:4)
  2 unseen horrors
  A minotaur zombie (Gauntlet)
  2 efreet
  A grey draconian zombie (Crypt:1)
  A yaktaur zombie (Vaults:4)
  12 rime drakes
  12 komodo dragons
  A kobold demonologist (D:11)
  40 yaktaurs
  4 tengu conjurers
  3 freezing wraiths
  5 hydra zombies (Swamp:4)
  A purple draconian skeleton (Crypt:1)
  2 ancient zymes (Abyss:2)
  A spectral harpy (Crypt:3)
  4 bloated husks
  An ice devil (D:13)
  A shadow dragon simulacrum (Depths:2)
  6 trolls
  19 hornets
  A polar bear (shapeshifter) (Lair:5)
  10 polar bears
  A tengu simulacrum (Depths:2)
  3 tyrant leeches
  5 raiju
  2 snapping turtles (Zot:4)
  4 dream sheep (Lair:5)
  15 blink frogs
  4 spectral swamp dragons (Swamp:4)
  3 ettin zombies (Orc:1)
  4 glass eyes
  58 slime creatures
  2 ettin skeletons (Orc:1)
  A jumping spider (shapeshifter) (Depths:4)
  2 shadows
  9 water elementals
  2 wraiths
  4 air elementals
  An ice dragon skeleton (Crypt:2)
  9 basilisks
  28 spriggans
  2 wyverns
  5 fire elementals
  A golden eye (Gauntlet)
  4 steam dragons
  4 fire bats (Gauntlet)
  A chaos spawn (Lair:5)
  2 wargs
  4 tyrant leech zombies (Swamp:4)
  46 yaks
  22 vampire mosquitoes
  A golden eye (shapeshifter) (D:15)
  3 deep troll zombies (Crypt:1)
  36 nagas
  An acid dragon (D:9)
  19 water moccasins
  3 hell hounds (D:14)
  15 swamp worms
  An entropy weaver zombie (Vaults:4)
  A two-headed ogre skeleton (Orc:1)
  22 laughing skulls
  36 orc warriors
  A black bear (shapeshifter) (Lair:5)
  7 black bears
  2 human zombies (Vaults:4)
  3 ice beasts
  A deep troll skeleton (Crypt:1)
  15 ogres
  18 wolves
  2 swamp dragon zombies (Swamp:4)
  16 centaurs
  8 phantoms
  8 bullfrogs
  3 kobold brigands (D:11)
  A brain worm (Abyss:2)
  2 scorpions
  7 earth elementals
  2 gnoll sergeants (D:8)
  13 small abominations
  A scorpion (shapeshifter) (Elf:3)
  A cyclops skeleton (Orc:1)
  A hornet simulacrum (D:15)
  3 burial acolytes (Crypt:3)
  6 wights
  A queen bee zombie (Crypt:1)
  A raiju zombie (Crypt:2)
  A troll zombie (Orc:1)
  11 killer bees
  4 lindwurm simulacra (IceCv)
  6 howler monkeys
  A spriggan skeleton (Crypt:1)
  6 electric eels
  A crimson imp (Abyss:2)
  8 komodo dragon simulacra (IceCv)
  A hound (D:6)
  2 bombardier beetles
  2 gnoll boudas
  7 jellies
  26 orc priests
  Ijyb (D:3)
  An iron imp (Abyss:2)
  2 sleepcaps
  A basilisk skeleton (Crypt:1)
  6 hell rats (Lair:1)
  Natasha (thrice) (D:2)
  2 iguanas (D:6)
  34 orc wizards
  2 troll simulacra (Orc:1)
  2 centaur simulacra (D:8)
  An ogre skeleton (Orc:1)
  17 gnolls
  5 acid dragon simulacra (IceCv)
  5 adders
  2 orc skeletons (Orc:1)
  2 shadow imps (D:6)
  2 white imps (D:8)
  2 howler monkey simulacra (D:8)
  11 ufetubi
  4 steam dragon simulacra (IceCv)
  An iguana zombie (Crypt:1)
  An iguana skeleton (Crypt:2)
  2 lava snake skeletons
  4 dart slugs
  88 orcs
  5 bats
  11 endoplasms
  2 giant cockroaches
  7 goblins
  10 hobgoblins
  5 jackals
  A quokka (D:2)
  3 ball pythons
  A bombardier beetle zombie (Crypt:2)
  4 frilled lizards
  2 jackal zombies
  13 kobolds
  5 rats
2122 creatures vanquished.

Vanquished Creatures (collateral kills)
  A dread lich (Zot:5)
  An orb of fire (Zot:5)
  Boris (Crypt:3)
  A Killer Klown (Zot:5)
  Bai Suzhen (Crypt:3)
  Margery (Depths:3)
  A curse toe (Zot:3)
  A caustic shrike (Depths:4)
  3 golden dragons
  Jory (Crypt:3)
  A bone dragon (Crypt:3)
  2 doom hounds (Crypt:3)
  A Tzitzimitl (Crypt:3)
  2 tentacled monstrosities
  12 Orb Guardians (Zot:5)
  A deep elf blademaster (Elf:3)
  A lich (Crypt:3)
  A quicksilver dragon (Zot:1)
  A death cob (Zot:2)
  A tengu reaver (Depths:4)
  5 shadow dragons
  A draconian knight (Zot:1)
  A fire giant (Depths:4)
  A vault warden (Vaults:4)
  A draconian shifter (Zot:3)
  2 draconian stormcallers (Zot:3)
  A reaper (Crypt:3)
  A very ugly thing (Depths:3)
  A demonspawn corrupter (WizLab)
  2 draconian annihilators (Zot:1)
  3 ghouls
  A quicksilver ooze (Slime:2)
  3 vampire knights (Crypt:3)
  A putrid mouth (Crypt:3)
  2 green draconians
  2 deep elf death magi
  6 black draconians
  A deep elf demonologist (Elf:3)
  3 white draconians (Zot:1)
  5 yellow draconians
  2 spark wasps
  3 red draconians (Zot:1)
  A purple draconian (Zot:1)
  8 jiangshi
  2 fire dragons (Depths:3)
  A salamander tyrant (Snake:4)
  A boulder beetle (D:11)
  A tengu warrior (Depths:3)
  An occultist (WizLab)
  A deep troll shaman (Depths:3)
  2 deep troll earth magi (Depths:3)
  3 vampire magi
  2 hell knights (Depths:3)
  A naga sharpshooter (Snake:4)
  A spriggan berserker (Depths:3)
  A deep elf knight (Elf:3)
  An iron troll (Depths:3)
  2 skeletal warriors (Crypt:3)
  A flayed ghost (Crypt:3)
  A shadow wraith (Crypt:3)
  3 deep trolls (Depths:3)
  A bog body (Crypt:3)
  A glowing orange brain (Depths:3)
  3 mana vipers (Snake:4)
  A lindwurm (Vaults:2)
  4 deep elf archers
  A deep elf pyromancer (Elf:1)
  An ironbound convoker (Vaults:2)
  2 necromancers
  A deep elf zephyrmancer (Elf:1)
  3 salamanders (Snake:4)
  2 shining eyes (Slime:2)
  A large abomination (Crypt:3)
  A moth of wrath (Zot:5)
  A black mamba (Snake:4)
  A guardian serpent (Snake:4)
  A tengu conjurer (Depths:4)
  A snapping turtle (Zot:4)
  A wraith (Crypt:3)
  A shadow (Crypt:3)
  A water elemental (Depths:3)
  15 slime creatures
  A small abomination (Crypt:3)
  A burial acolyte (Crypt:3)
  A black bear skeleton (Crypt:1)
164 creatures vanquished.

Vanquished Creatures (others)
  6 eldritch tentacles
  A black draconian (Zot:1)
  A hydra (Swamp:3)
  A deep elf zephyrmancer (Elf:1)
  A rime drake (IceCv)
  3 bloated husks
  A spectral swamp dragon (Swamp:4)
  A goblin (D:4)
  2 fire vortices (Swamp:1)
  18 foxfires
  133 fulminant prisms
168 creatures vanquished.

Grand Total: 2454 creatures vanquished

Notes
Turn   | Place    | Note
-------+----------+-------------------------------------------
     0 | D:1      | Aldia the Deep Elf Conjurer began the quest for the Orb.
     0 | D:1      | Reached XP level 1. HP: 10/10 MP: 6/6
   227 | D:1      | Reached XP level 2. HP: 16/16 MP: 5/8
   443 | D:1      | Learned a level 2 spell: Searing Ray
   826 | D:1      | Reached XP level 3. HP: 20/20 MP: 6/9
  1057 | D:1      | Reached skill level 5 in Conjurations
  1260 | D:2      | Reached skill level 1 in Fighting
  1415 | D:2      | Noticed Natasha
  1420 | D:2      | Killed Natasha
  1421 | D:2      | Reached XP level 4. HP: 25/25 MP: 3/11
  1426 | D:2      | Learned a level 4 spell: Fulminant Prism
  1543 | D:2      | Found a faded altar of an unknown god.
  1592 | D:2      | Reached skill level 4 in Spellcasting
  1711 | D:2      | Noticed Natasha
  1715 | D:2      | Killed Natasha
  1721 | D:2      | Learned a level 4 spell: Iskenderun's Mystic Blast
  1908 | D:2      | Noticed Natasha
  1912 | D:2      | Killed Natasha
  1913 | D:2      | Reached skill level 1 in Alchemy
  1913 | D:2      | Reached XP level 5. HP: 29/29 MP: 8/13
  2286 | D:3      | You fall into a shaft and drop 1 floor!
  2400 | D:4      | Found a shimmering altar of Xom.
  3033 | D:3      | Noticed Ijyb
  3038 | D:3      | Killed Ijyb
  3241 | D:4      | Reached XP level 6. HP: 34/34 MP: 11/14
  3692 | D:4      | Found the +8 trident of the Octopus King {venom, rElec
                  | rPois}
  3752 | D:4      | Found an iron altar of Okawaru.
  3946 | D:4      | Reached skill level 5 in Spellcasting
  4078 | D:5      | Entered Level 5 of the Dungeon
  4476 | D:5      | Reached XP level 7. HP: 40/40 MP: 6/16
  4641 | D:5      | Identified the +8 war axe "Giantslayer" {antimagic, rElec
                  | Will+ rCorr}
  5092 | D:5      | Found a sacrificial altar of Ru.
  5508 | D:6      | Found a staircase to the Ecumenical Temple.
  5515 | Temple   | Entered the Ecumenical Temple
  5525 | Temple   | Became a worshipper of Sif Muna the Loreminder
  5666 | D:6      | Reached skill level 6 in Spellcasting
  5666 | D:6      | Reached skill level 5 in Alchemy
  5856 | D:6      | Reached skill level 1 in Translocations
  5856 | D:6      | Reached XP level 8. HP: 39/44 MP: 14/19
  5929 | D:6      | Found a stormy altar of Qazlal.
  6148 | D:6      | Reached skill level 5 in Dodging
  6225 | D:6      | Reached skill level 7 in Spellcasting
  6343 | D:6      | Found Wkkerisaen's Whimsical Warehouse.
  6507 | D:6      | Reached * piety under Sif Muna
  7116 | D:6      | Found an opulent altar of Gozag.
  7236 | D:6      | Reached skill level 5 in Translocations
  7236 | D:6      | Reached XP level 9. HP: 34/48 MP: 15/22
  7289 | D:7      | Reached skill level 1 in Invocations
  7455 | D:7      | Reached skill level 8 in Spellcasting
  7744 | D:7      | Found a basalt altar of Yredelemnul.
  7744 | D:7      | Found a broken altar of Ashenzari.
  8095 | D:7      | Noticed a moth of wrath
  8103 | D:7      | Found a transporter.
  8106 | D:7      | Noticed jboons's ghost (novice MDWr)
  8120 | D:7      | Found a transporter.
  8398 | D:7      | Killed a moth of wrath
  8403 | D:7      | Killed jboons's ghost
  8404 | D:7      | Reached skill level 9 in Spellcasting
  8404 | D:7      | Reached XP level 10. HP: 21/56 MP: 11/25
  8411 | D:7      | Identified the +2 cloak of Beogh's Displeasure {rC+ Stlth+}
  8517 | D:8      | Reached ** piety under Sif Muna
  8554 | D:8      | HP: 1/56 [polar bear (23)]
  8993 | D:7      | Reached skill level 5 in Invocations
  9100 | D:8      | Reached skill level 10 in Spellcasting
  9340 | D:8      | Reached skill level 1 in Shields
  9621 | D:8      | Found Ruerph's Weapon Emporium.
  9960 | D:8      | Noticed a two-headed ogre
  9968 | D:8      | Killed a two-headed ogre
  9969 | D:8      | Reached XP level 11. HP: 61/61 MP: 8/27
 10993 | D:9      | Reached *** piety under Sif Muna
 11876 | D:9      | Found a staircase to the Orcish Mines.
 12320 | D:10     | Entered Level 10 of the Dungeon
 12320 | D:10     | Noticed Joseph
 12330 | D:10     | Killed Joseph
 12527 | D:10     | Reached skill level 5 in Fighting
 12846 | D:10     | Got the Handbook of Citrinitas and Angles
 13783 | D:11     | Reached skill level 10 in Dodging
 14089 | D:11     | Noticed a boulder beetle
 14108 | D:11     | Killed a boulder beetle
 14236 | D:11     | Reached **** piety under Sif Muna
 14279 | D:11     | Noticed a boulder beetle
 14714 | D:11     | Noticed a two-headed ogre
 14731 | D:11     | Killed a two-headed ogre
 15007 | D:11     | Identified the ring of Cuewnash {rPois Str+3 Int+2 Slay+3}
 15010 | D:11     | Reached XP level 12. HP: 70/70 MP: 17/28
 15131 | D:11     | Noticed a two-headed ogre
 15139 | D:11     | Killed a two-headed ogre
 15251 | D:11     | Noticed a boulder beetle
 15278 | D:11     | Killed a boulder beetle
 15497 | D:11     | Noticed a two-headed ogre
 15505 | D:11     | Killed a two-headed ogre
 15971 | D:11     | Learned a level 3 spell: Dazzling Flash
 16146 | D:11     | Found a staircase to the Lair.
 16335 | Lair:1   | Entered Level 1 of the Lair of Beasts
 17091 | Lair:1   | Learned a level 5 spell: Iskenderun's Battlesphere
 17098 | Lair:1   | Learned a level 6 spell: Bombard
 17259 | Lair:2   | Reached skill level 1 in Earth Magic
 17495 | Lair:2   | Learned a level 3 spell: Ozocubu's Armour
 17634 | Lair:2   | Found a staircase to the Snake Pit.
 17675 | Lair:2   | Reached skill level 11 in Spellcasting
 17940 | Lair:2   | Noticed Erica
 17954 | Lair:2   | Killed Erica
 18019 | Lair:2   | Reached XP level 13. HP: 49/76 MP: 17/30
 18301 | Lair:2   | Found the +5 Force Lance {heavy, knockback}
 18315 | Lair:2   | Learned a level 5 spell: Yara's Violent Unravelling
 18740 | Lair:3   | Found a frozen archway.
 18747 | IceCv    | Entered an ice cave
 18775 | IceCv    | Learned a level 4 spell: Olgreb's Toxic Radiance
 18986 | IceCv    | Found the +13 scythe of Curses {drain, curses, ^Drain}
 19319 | IceCv    | Reached skill level 10 in Conjurations
 19604 | IceCv    | Noticed a white draconian
 19620 | IceCv    | Killed a white draconian
 19620 | IceCv    | Reached ***** piety under Sif Muna
 19621 | IceCv    | Reached skill level 1 in Hexes
 19756 | IceCv    | Identified the ring of Lucidity {Fire Str+2 Dex+3 Stlth+}
 19985 | Orc:1    | Entered Level 1 of the Orcish Mines
 20053 | Orc:1    | Found a roughly hewn altar of Beogh.
 20540 | Orc:1    | Learned a level 4 spell: Ignite Poison
 21298 | Orc:2    | Entered Level 2 of the Orcish Mines
 21395 | Orc:2    | Reached skill level 5 in Hexes
 21574 | Orc:2    | Reached skill level 5 in Earth Magic
 21807 | Orc:2    | Reached skill level 12 in Spellcasting
 22015 | Orc:2    | Found a roughly hewn altar of Beogh.
 22026 | Orc:2    | Received a gift from Sif Muna
 22314 | Orc:2    | Found a roughly hewn altar of Beogh.
 22323 | Orc:2    | Found Golezxen's Book Emporium.
 22385 | Orc:2    | Found a staircase to the Elven Halls.
 22420 | Orc:2    | Found a roughly hewn altar of Beogh.
 22425 | Orc:2    | Reached skill level 1 in Fire Magic
 22589 | Orc:2    | Found a roughly hewn altar of Beogh.
 22837 | Orc:2    | Found a roughly hewn altar of Beogh.
 22911 | Orc:2    | Noticed an orc warlord
 22923 | Orc:2    | Killed an orc warlord
 23128 | Orc:2    | Found Zaputal's Antique Weapon Shop.
 23129 | Orc:2    | Found a roughly hewn altar of Beogh.
 23130 | Orc:2    | Found Tioj's Antique Armour Boutique.
 23253 | Orc:2    | Found a roughly hewn altar of Beogh.
 23348 | Orc:2    | Found Herchuer's Book Boutique.
 23506 | Orc:2    | Found a roughly hewn altar of Beogh.
 24506 | Lair:3   | Found a shadowy altar of Dithmenos.
 24636 | Lair:3   | Reached XP level 14. HP: 83/83 MP: 15/32
 25109 | Lair:3   | Found a staircase to the Swamp.
 25326 | Lair:4   | Found a staircase to the Slime Pits.
 25326 | Lair:4   | Found a viscous altar of Jiyva.
 25706 | Lair:4   | Found a shimmering blue altar of Sif Muna.
 26069 | Lair:4   | Learned a level 5 spell: Lee's Rapid Deconstruction
 26729 | Lair:5   | Entered Level 5 of the Lair of Beasts
 27070 | Lair:5   | Reached skill level 13 in Spellcasting
 28299 | Lair:5   | Received a gift from Sif Muna
 28300 | Lair:5   | Reached skill level 10 in Earth Magic
 29381 | Lair:5   | Found a corrupted altar of Lugonu.
 29381 | Lair:5   | Found a one-way gate to the infinite horrors of the Abyss.
 31082 | D:12     | Found a radiant altar of Vehumet.
 31118 | D:12     | Reached XP level 15. HP: 88/88 MP: 27/34
 31177 | D:12     | Identified the +0 ring mail "Wurgh" {Str+6 Dex-5}
 31261 | D:13     | Reached skill level 14 in Spellcasting
 32368 | D:13     | Found a gate to the Vaults.
 32511 | D:13     | Upgraded the game from 0.32-a0-314-g526f7d4993 to
                  | 0.32-a0-329-ge6c31236d6
 32540 | D:14     | Found a blossoming altar of Fedhas.
 32552 | D:14     | Noticed Azrael
 32569 | D:14     | Killed Azrael
 32572 | D:14     | Found a gate leading to a gauntlet.
 32581 | Gauntlet | Entered a Gauntlet
 32581 | Gauntlet | Found a transporter.
 32581 | Gauntlet | Found a transporter.
 32657 | Gauntlet | Found a transporter.
 32669 | Gauntlet | Found a transporter.
 32683 | Gauntlet | Found a transporter.
 32699 | Gauntlet | Found a transporter.
 32708 | Gauntlet | Found a transporter.
 32714 | Gauntlet | Found a transporter.
 32728 | Gauntlet | Found a transporter.
 32745 | Gauntlet | Found a transporter.
 32749 | Gauntlet | Found a transporter.
 32791 | Gauntlet | Found a transporter.
 32940 | Gauntlet | Reached skill level 1 in Staves
 32940 | Gauntlet | Reached skill level 15 in Dodging
 33033 | Gauntlet | Identified the ring "Tyidaung" {rPois rF++ Int+2 Dex+2}
 33061 | Gauntlet | Identified the amulet of the Mpinguari {RegenMP rElec
                  | Dex+3}
 33152 | Gauntlet | Identified the ring "Byopok Pafy" {rN+ rCorr AC+4 Slay-2}
 33161 | Gauntlet | Identified the +8 glaive of Sunlight {drain, rF+++ rN+++
                  | Str-3 Int-4}
 33162 | Gauntlet | Got Sif Muna's Incunabulum of the Congregation
 33315 | Gauntlet | Identified a scroll of acquirement
 33355 | D:14     | Acquired 1109 gold pieces
 33401 | D:14     | Found Amahumpa's Book Boutique.
 33623 | D:14     | Reached skill level 1 in Evocations
 33972 | D:14     | Received a gift from Sif Muna
 33976 | D:14     | Got Sif Muna's Handbook of Forceful Congelation {god gift}
 34337 | D:15     | Entered Level 15 of the Dungeon
 34412 | D:15     | Found Ifatimoo's Jewellery Boutique.
 35058 | D:15     | Reached skill level 15 in Spellcasting
 35585 | D:15     | Found a staircase to the Depths.
 35900 | Snake:1  | Entered Level 1 of the Snake Pit
 36028 | Snake:1  | Noticed a nagaraja
 36034 | Snake:1  | Killed a nagaraja
 36188 | Snake:1  | Reached XP level 16. HP: 79/96 MP: 19/37
 36242 | Snake:1  | Found Amaateat's General Store.
 36275 | Snake:1  | Bought a scroll of enchant armour for 135 gold pieces
 36362 | Snake:1  | Reached skill level 5 in Evocations
 36585 | Snake:1  | Found Qaecoede's Antique Weapon Shop.
 36788 | Snake:1  | Found Dump's Assorted Antiques.
 36796 | Snake:1  | Bought a scroll of fear for 136 gold pieces
 36796 | Snake:1  | Bought a scroll of teleportation for 102 gold pieces
 36961 | Snake:1  | Found Voghuy's Assorted Antiques.
 36974 | Snake:1  | Bought a scroll of blinking for 157 gold pieces
 36974 | Snake:1  | Bought a scroll of identify for 42 gold pieces
 37164 | Snake:2  | Reached skill level 10 in Fighting
 37177 | Snake:2  | Learned a level 7 spell: Spellforged Servitor
 37209 | Snake:2  | Found Nist's Antique Armour Shoppe.
 37231 | Snake:2  | Found Wecripti's Jewellery Emporium.
 37231 | Snake:2  | Found Kobesk's Book Shoppe.
 37234 | Snake:2  | Found Vidoapp's Book Emporium.
 37262 | Snake:2  | Bought a book of Annihilations for 1080 gold pieces
 37303 | Snake:2  | Reached skill level 1 in Summonings
 38386 | Snake:2  | Reached skill level 5 in Summonings
 38483 | Snake:2  | Reached skill level 5 in Shields
 38786 | Snake:3  | Received a gift from Sif Muna
 39863 | Snake:3  | Acquired 469 gold pieces
 39880 | Snake:3  | Reached XP level 17. HP: 103/103 MP: 32/38
 39926 | Snake:3  | Reached skill level 16 in Spellcasting
 39972 | Snake:3  | Identified the +11 glaive of Dussire {flame, rC+ rN+}
 40305 | Snake:4  | Entered Level 4 of the Snake Pit
 40399 | Swamp:1  | Entered Level 1 of the Swamp
 41319 | Swamp:2  | You fall into a shaft and drop 1 floor!
 41736 | Swamp:3  | Found a bloodstained altar of Trog.
 41752 | Swamp:3  | Reached skill level 10 in Invocations
 41854 | Swamp:2  | Reached skill level 10 in Summonings
 42325 | Swamp:3  | Received a gift from Sif Muna
 42620 | Swamp:3  | Learned a level 5 spell: Irradiate
 43117 | Swamp:4  | Entered Level 4 of the Swamp
 43211 | Swamp:4  | Reached skill level 17 in Spellcasting
 43468 | Swamp:3  | Learned a level 2 spell: Blink
 43998 | Swamp:4  | Reached XP level 18. HP: 110/110 MP: 24/41
 44274 | Swamp:4  | Noticed a bone dragon
 44286 | Swamp:4  | Killed a bone dragon
 44544 | Swamp:4  | Got a decaying rune of Zot
 45106 | Snake:4  | Found Cuameph's Distillery.
 45110 | Snake:4  | Found Jurchyfel's Antique Armour Boutique.
 45114 | Snake:4  | Bought a potion of curing for 45 gold pieces
 45114 | Snake:4  | Bought a potion of curing for 45 gold pieces
 45114 | Snake:4  | Bought a potion of magic for 120 gold pieces
 45114 | Snake:4  | Bought a potion of heal wounds for 75 gold pieces
 45118 | Snake:4  | Bought a fine cloak for 313 gold pieces
 45118 | Snake:4  | Identified the +0 cloak "Kaimpyapt" {rC- rN+++ Will+ Dex-4}
                  | (You bought it in a shop on level 4 of the Snake Pit)
 45184 | Snake:2  | Bought a scorched cloak for 190 gold pieces
 45184 | Snake:2  | Identified the +1 cloak of the Wilderness {-Cast rF+ Int-3
                  | Dex+5} (You bought it in a shop on level 2 of the Snake
                  | Pit)
 45433 | Snake:4  | Received a gift from Sif Muna
 45436 | Snake:4  | Got Sif Muna's Even More Gnosis {god gift}
 46159 | Snake:4  | Reached skill level 18 in Spellcasting
 46335 | Snake:4  | Got a serpentine rune of Zot
 46855 | Elf:1    | Entered Level 1 of the Elven Halls
 47009 | Elf:1    | Identified the +10 falchion of the Crawling Thing {spect,
                  | Int-4 Dex+5}
 47042 | Elf:1    | Learned a level 1 spell: Apportation
 47194 | Elf:1    | Acquired the ring of Yesterday {Fire rCorr MP+9 Int+9
                  | Dex-3}
 47197 | Elf:1    | Acquired 702 gold pieces
 47638 | Elf:1    | Got Sif Muna's Directory of Command
 47654 | Elf:1    | Identified the +1 orcbow of the Hidden Vale {freeze, Will+}
 47757 | Elf:1    | Found Edeoc's Assorted Antiques.
 47854 | Elf:1    | Reached XP level 19. HP: 116/116 MP: 40/43
 48613 | Elf:2    | Found Zoruefaj's Distillery.
 48621 | Elf:2    | Bought a potion of haste for 140 gold pieces
 48644 | Elf:2    | Reached skill level 19 in Spellcasting
 48704 | Elf:2    | Reached skill level 1 in Armour
 48921 | Elf:2    | Found a runed translucent gate.
 48922 | Elf:2    | Found a runed translucent gate.
 48922 | Elf:2    | Found a runed translucent gate.
 48957 | Elf:3    | Entered Level 3 of the Elven Halls
 49003 | Elf:1    | Bought a scroll of revelation for 262 gold pieces
 49068 | Elf:3    | Noticed Mara
 49171 | Elf:3    | Paralysed by an air elemental for 1 turns
 49229 | Elf:3    | Killed Mara
 50283 | Vaults:1 | Entered Level 1 of the Vaults
 50587 | Vaults:1 | Received a gift from Sif Muna
 50592 | Vaults:1 | Got Weh Vuq's Parchment of the Grave Boggart {god gift}
 50843 | Vaults:1 | Noticed Asterion
 50849 | Vaults:1 | Killed Asterion
 51387 | Vaults:1 | Reached skill level 15 in Summonings
 51425 | Vaults:1 | Learned a level 7 spell: Malign Gateway
 51530 | Vaults:1 | Found Vikloj's Distillery.
 51571 | Vaults:1 | Bought a potion of haste for 150 gold pieces
 51571 | Vaults:1 | Bought a potion of haste for 150 gold pieces
 51588 | Vaults:1 | Identified the serpent talisman of Lethargy {Slay+3}
 51588 | Vaults:1 | Noticed Aizul
 51595 | Vaults:1 | Killed Aizul
 52081 | Vaults:2 | Noticed Norris
 52085 | Vaults:2 | Reached XP level 20. HP: 96/122 MP: 36/45
 52089 | Vaults:2 | Killed Norris
 52266 | Vaults:2 | Reached skill level 20 in Spellcasting
 52401 | Vaults:2 | Found a magical portal.
 52411 | WizLab   | Entered Alistair's Party Mansion
 53032 | WizLab   | Noticed a golden dragon
 53036 | Abyss:2  | Cast into level 2 of the Abyss (a deep elf sorcerer)
 53088 | Abyss:2  | Found a corrupted altar of Lugonu.
 53212 | Abyss:2  | Found a corrupted altar of Lugonu.
 53243 | Abyss:2  | Found a corrupted altar of Lugonu.
 53428 | Abyss:2  | Noticed a bone dragon
 53434 | Abyss:2  | Killed a bone dragon
 53485 | WizLab   | Escaped the Abyss
 53490 | WizLab   | Received a gift from Sif Muna
 53575 | WizLab   | Acquired the +2 kite shield of Kamakh {Int+5 Stlth-}
 53577 | WizLab   | Acquired 676 gold pieces
 53668 | WizLab   | Reached skill level 5 in Armour
 54116 | Vaults:2 | Reached skill level 10 in Translocations
 54221 | Vaults:2 | Paralysed by a formless jellyfish for 1 turns
 54483 | Vaults:2 | Found a staircase to the Crypt.
 54854 | Vaults:2 | Paralysed by an ogre mage for 2 turns
 54990 | Vaults:2 | Found Feepu's Weapon Shop.
 56012 | Vaults:3 | Received a gift from Sif Muna
 56013 | Vaults:3 | Reached skill level 21 in Spellcasting
 56015 | Vaults:3 | Got Sif Muna's Meditations on Conjury and the Pyromaniac
                  | {god gift}
 56582 | Vaults:3 | Reached XP level 21. HP: 127/127 MP: 47/48
 56922 | Vaults:4 | Found Gahucs's Antique Weapon Shop.
 58017 | Vaults:4 | Received a gift from Sif Muna
 58103 | Vaults:4 | Got Zoruall's Opusculum on Spellbinding and the
                  | Cumulonimbus {god gift}
 58374 | Depths:1 | Entered Level 1 of the Depths
 58578 | Depths:1 | Noticed a caustic shrike
 58623 | D:15     | Killed a caustic shrike
 58655 | D:15     | Learned a level 5 spell: Borgnjor's Vile Clutch
 58664 | D:15     | Learned a level 8 spell: Summon Horrible Things
 58750 | Depths:1 | Noticed a caustic shrike
 58759 | Depths:1 | Killed a caustic shrike
 58881 | Depths:1 | Identified the +6 long sword of Springtime {drain, rF+
                  | Dex+6}
 58947 | Depths:1 | Got Sif Muna's Guide on the Fulgent Dragon
 58952 | Depths:1 | Reached skill level 1 in Necromancy
 59285 | Depths:1 | Found a snail-covered altar of Cheibriados.
 59691 | Depths:1 | Found a gateway to Hell.
 59788 | Depths:2 | Found a one-way gate leading to the halls of Pandemonium.
 59858 | Depths:2 | Noticed the Enchantress
 59883 | Depths:2 | Killed the Enchantress
 60053 | Depths:2 | Reached XP level 22. HP: 135/135 MP: 21/49
 60387 | Depths:2 | Found a glowing silver altar of Zin.
 60509 | Depths:2 | Identified the ring of Ashenzari's Envy {Ice rElec}
 60509 | Depths:2 | Noticed Josephina
 60517 | Depths:2 | Killed Josephina
 60517 | Depths:2 | Received a gift from Sif Muna
 60647 | Depths:2 | Found a hide-covered altar of Uskayaw.
 60706 | Depths:2 | Found Fuapraho's Jewellery Shop.
 60706 | Depths:2 | Found Likaol's Book Shoppe.
 60707 | Depths:2 | Found Seidosh's Jewellery Shop.
 61107 | Depths:3 | Noticed Parghit
 61217 | Depths:3 | Identified the +2 robe of Immorality {rPois}
 61217 | Depths:3 | Noticed Boris
 61227 | Depths:3 | Killed Boris
 61235 | Depths:3 | Reached skill level 10 in Shields
 61401 | Depths:3 | Noticed a golden dragon
 61656 | Depths:3 | Killed Parghit
 61672 | Depths:3 | Identified the +1 halberd of Jibotug {vamp, Str+3}
 61774 | Depths:3 | Received a gift from Sif Muna
 61789 | Depths:3 | Killed a golden dragon
 61812 | Depths:3 | Noticed Margery
 61844 | Depths:3 | You fall into a shaft and drop 1 floor!
 61844 | Depths:4 | Entered Level 4 of the Depths
 61844 | Depths:4 | Noticed a caustic shrike
 61852 | Depths:4 | Killed a caustic shrike
 61966 | Depths:4 | Found a gate to the Realm of Zot.
 61988 | Depths:4 | Identified the granite talisman of Death Resistance {Int+4
                  | SInv}
 62000 | Depths:4 | Received a gift from Sif Muna
 62108 | Depths:4 | Learned a level 4 spell: Martyr's Knell
 62206 | Depths:4 | Noticed a golden dragon
 62282 | Depths:4 | Noticed a caustic shrike
 62287 | Depths:4 | Killed a caustic shrike
 62350 | Depths:4 | Identified the +4 broad axe of a wizard's laboratory
                  | {speed, rN+ Stlth+}
 62354 | Depths:4 | Reached XP level 23. HP: 140/140 MP: 47/50
 62455 | Depths:4 | Reached skill level 22 in Spellcasting
 62555 | Depths:4 | Identified the +1 dagger "Madasche" {heavy, rElec Dex+3}
 62567 | Depths:4 | Identified the ring of Yzocsoatso {rPois rF+ AC+4 Str-4}
 62863 | Depths:3 | Found a one-way gateway to a ziggurat.
 63197 | Depths:3 | Learned a level 8 spell: Lehudib's Crystal Spear
 63395 | Depths:3 | Killed Margery
 64081 | Depths:4 | Received a gift from Sif Muna
 64087 | Depths:4 | Got Sif Muna's Volume of the Saturnine Prime Material {god
                  | gift}
 64105 | Depths:4 | Learned a level 7 spell: Haunt
 64653 | Depths:4 | Acquired a Necronomicon
 65214 | Elf:3    | Identified the amulet of Itet {Reflect Harm rN++ Will+
                  | Dex-5 Slay+2 SH+5}
 65231 | Elf:3    | Identified the +6 trident of Valour {pain, rPois}
 65516 | Elf:3    | Identified the +5 plate armour "Util Cag" {rCorr Int+5}
 65549 | Elf:3    | Reached skill level 5 in Necromancy
 65846 | Elf:3    | Identified the staff "Jellybane" {^Drain rC+ rN+ rCorr
                  | Conj}
 65861 | Elf:3    | Identified the +3 chain mail "Ugurgh" {Regen+}
 65862 | Elf:3    | Identified the staff "Lifebane" {^Drain rC+ Str-5 Conj
                  | Hexes Ice}
 66267 | Slime:1  | Entered Level 1 of the Pits of Slime
 66405 | Slime:2  | Gained mutation: You have hidden genetic defects. [a
                  | shining eye]
 66866 | Slime:3  | Paralysed by a formless jellyfish for 1 turns
 66869 | Slime:3  | Reached skill level 23 in Spellcasting
 66951 | Slime:5  | Entered Level 5 of the Pits of Slime
 66951 | Slime:5  | Found the +2 hat of the Bear Spirit {Spirit, Bear, *Rage
                  | Will++}
 66954 | Slime:5  | Found a viscous altar of Jiyva.
 66955 | Slime:5  | Noticed Dissolution
 66957 | Slime:5  | Got a slimy rune of Zot
 67364 | Zot:1    | Entered Level 1 of the Realm of Zot
 67491 | Depths:4 | Gained mutation: You are clumsy. (Dex -2) [hidden defects]
 67532 | Depths:4 | Lost mutation: You have hidden genetic defects. [potion of
                  | mutation]
 67532 | Depths:4 | Lost mutation: You are clumsy. (Dex -2) [potion of
                  | mutation]
 67532 | Depths:4 | Gained mutation: Your spells are a little harder to cast,
                  | but a little more powerful. [potion of mutation]
 67532 | Depths:4 | Gained mutation: You are partially covered in iridescent
                  | scales. (AC +2) [potion of mutation]
 67878 | Snake:1  | Bought a scroll of enchant armour for 157 gold pieces
 67902 | Snake:1  | Bought a scroll of teleportation for 54 gold pieces
 67902 | Snake:1  | Bought a potion of curing for 54 gold pieces
 67902 | Snake:1  | Bought a potion of heal wounds for 90 gold pieces
 68259 | Zot:1    | Reached XP level 24. HP: 115/145 MP: 3/52
 68464 | Zot:1    | Received a gift from Sif Muna
 69307 | Zot:2    | Identified the orb "Reuckeukahi" {guile, Int+4}
 70374 | Zot:3    | Identified the serpent talisman of Pandemonium {Slay+2}
 70957 | Zot:4    | Reached skill level 24 in Spellcasting
 70989 | Zot:4    | Learned a level 9 spell: Dragon's Call
 72022 | Zot:4    | Identified the +4 scale mail "Gekaec" {rElec Regen+ Int+2}
 72496 | Crypt:1  | Entered Level 1 of the Crypt
 72542 | Crypt:1  | Received a gift from Sif Muna
 72549 | Crypt:1  | Got Sif Muna's Book of Peregrination {god gift}
 72623 | Crypt:1  | Noticed Donald
 72718 | Crypt:1  | Killed Donald
 73024 | Crypt:1  | Noticed a dread lich
 73035 | Crypt:1  | Killed a dread lich
 73730 | Crypt:2  | Reached XP level 25. HP: 139/152 MP: 25/53
 74751 | Crypt:3  | Entered Level 3 of the Crypt
 75109 | Crypt:3  | Found a basalt altar of Yredelemnul.
 75226 | Crypt:3  | Received a gift from Sif Muna
 75455 | Crypt:3  | Noticed Grunn
 75468 | Crypt:3  | Identified the +2 scimitar of Baurut {antimagic, *Rage
                  | rElec rC+}
 75468 | Crypt:3  | Identified the +3 robe of Courage {Archmagi}
 75468 | Crypt:3  | Noticed Boris
 75683 | Crypt:3  | Killed Grunn
 75749 | Crypt:3  | Noticed Jory
 75758 | Crypt:3  | Killed Jory
 75766 | Crypt:3  | Killed Boris
 75889 | Crypt:3  | Noticed Bai Suzhen
 75901 | Crypt:3  | Killed Bai Suzhen
 75935 | Crypt:3  | Found a staircase to the Tomb.
 76082 | Crypt:3  | Identified the +1 pair of boots of Ru's Hope {rElec Dex+3
                  | SInv}
 76186 | Crypt:3  | Reached skill level 25 in Spellcasting
 76306 | Crypt:3  | Received a gift from Sif Muna
 76349 | Crypt:3  | Got Sif Muna's Discursus on Spectres and the Curse {god
                  | gift}
 76575 | Vaults:1 | Bought a potion of curing for 45 gold pieces
 76575 | Vaults:1 | Bought a potion of curing for 45 gold pieces
 76575 | Vaults:1 | Bought 2 potions of curing for 90 gold pieces
 76575 | Vaults:1 | Bought a potion of heal wounds for 75 gold pieces
 76958 | Zot:5    | Entered Level 5 of the Realm of Zot
 77036 | Zot:5    | Noticed a Killer Klown
 77041 | Zot:5    | Killed a Killer Klown
 77406 | Zot:5    | Noticed a dread lich
 77666 | Zot:5    | Reached skill level 15 in Fighting
 77667 | Zot:5    | Noticed an orb of fire
 77669 | Zot:5    | Gained mutation: You are vulnerable to cold. (rC-) [an orb
                  | of fire]
 77670 | Zot:5    | Noticed a Killer Klown
 77675 | Zot:5    | Killed an orb of fire
 77676 | Zot:5    | Killed a Killer Klown
 77731 | Zot:5    | Killed a dread lich
 78140 | Zot:5    | Reached XP level 26. HP: 161/161 MP: 52/54
 78157 | Zot:5    | Got the Orb of Zot
 78739 | D:$      | Escaped with the Orb!

Illustrated notes

Levels and vault maps discovered:
D:1:      amcnicky_arrival_single_pillar, layout_loops_corners
D:2:      layout_basic, serial_forest, infiniplex_forest_clump_small,
          infiniplex_forest_clump_medium, infiniplex_forest_straight_4,
          infiniplex_forest_lined_2, infiniplex_forest_end_double,
          infiniplex_forest_straight_4, infiniplex_forest_straight_4,
          infiniplex_forest_clump_long, shapermc_ecumenical_altar_totnotflames,
          uniq_natasha
D:3:      layout_loops_ring, kennysheep_generic_room_8, uniq_ijyb
D:4:      nicolae_cairo_tiling_large, layout_cave_pools, dk_xom_monty_hall,
          okawaru_gym_becter, serial_glass, glass_columns_a, glass_columns_a,
          serial_bayou_pond_c
D:5:      layout_basic, lemuel_doored_altar
D:6:      layout_gridville, overflow_temple_1_default,
          nicolae_gozag_seed_capital, minmay_temple_entry_tees,
          nicolae_alphabet_shops, minmay_quadrilaterals
D:7:      layout_cave_pools, jmf_multi_god_temple,
          gammafunk_ghost_berserking_beasts, chequers_serial_rivers_micro_c
D:8:      layout_gridville, serial_ice, serial_ice_i, serial_ice_f,
          serial_ice_h, serial_ice_m, serial_ice_a, serial_ice_c, serial_ice_g,
          serial_shops, nicolae_shop_pleasant_corner_grove,
          nicolae_grassy_gnolls
D:9:      layout_stronghold, erik_orc_2
D:10:     layout_stronghold, uniq_joseph
D:11:     layout_stronghold, david_lair_shrubbed, nicolae_benzene_ring
D:12:     layout_loops_corners, vehumet_statue
D:13:     minmay_stone_box, layout_cross, hangedman_vaults_entry_quadrant_bands
D:14:     layout_roguey, serial_shops, nicolae_shop_pleasant_corner_grove,
          gauntlet_entry_generic, fedhas_altar_1, uniq_azrael
D:15:     hellmonk_depths_entry_around_the_bend, layout_stronghold,
          serial_park_tiny_pond, serial_column_ruins,
          column_ruins_open_small_water, column_ruins_open_large,
          column_ruins_columns_straight, column_ruins_open_small,
          column_ruins_open_tiny, column_ruins_corridor_straight, serial_shops,
          nicolae_shop_hallway_plus
Temple:   nicolae_temple_bog_church
Lair:1:   layout_cave_shapes
Lair:2:   layout_loops_ring, guppyfry_snake_entry_garden, st_stairs_5,
          uniq_erica
Lair:3:   minmay_lair_oklob_chamber, layout_long_grid,
          mainiacjoe_swamp_entry_angry_trees, portal_ice_cave_entry_pillars_1,
          lemuel_oklob_altar
Lair:4:   layout_roguey, nicolae_slime_entry_slimehenge, basic_altar,
          gammafunk_lair_bear_cave
Lair:5:   hellmonk_lair_end_abyssal_woods, layout_long_grid,
          grunt_forest_small_clearings, st_stairs_9, minmay_lair_drake_nest,
          grunt_megastairs_5
Swamp:1:  layout_basic_swamp, evilmike_swamp_ruin_rubble_2
Swamp:2:  layout_basic_swamp, evilmike_swamp_ruin_rubble_1
Swamp:3:  nicolae_swamp_secret_spriggan_hideout, layout_basic_swamp,
          evilmike_swamp_ruin_wall, swamp_pool_1_2, lemuel_altar_in_water,
          nicolae_swamp_snake_nest, nicolae_swamp_long_stream,
          infiniplex_staircase_pool
Swamp:4:  swamp_pestilence, layout_basic_swamp
Snake:1:  layout_gridlike, serial_shops, nicolae_shop_tiny_waterfront,
          nicolae_shop_trees, nicolae_shop_waterfront, shop, serial_curves,
          eino_curves_02, eino_curves_01, eino_curves_03,
          nicolae_snake_double_loop
Snake:2:  layout_cave_pods, nicolae_snake_mages_go_home, grunt_megastairs_4,
          minmay_shoptagon
Snake:3:  layout_honeycomb, serial_bayou_shore_a
Snake:4:  snake_pit_salamanders_mu, layout_rooms, drop_trap, minmay_shop_star
Slime:1:  layout_caves
Slime:2:  cheibrodos_slime_lost_civilization_9, layout_caves, basic_altar,
          nicolae_slime_welcoming_committee
Slime:3:  layout_caves, cheibrodos_slime_lost_civilization_5
Slime:4:  layout_caves, special_room [special_room_jelly]
Slime:5:  slime_pit_nicolae_jellycorners, uniq_dissolution
Orc:1:    dreamdust_under_siege, layout_diamond_mine
Orc:2:    grunt_orc_community_town_hall, layout_caves,
          grunt_orc_community_big_house_2, grunt_orc_community_big_house_2,
          grunt_orc_community_house_1, grunt_orc_community_house_2,
          grunt_orc_community_house_1, grunt_orc_community_house_1,
          grunt_orc_community_house_2, basic_altar
Elf:1:    minmay_ambush_box, layout_geoelf_diagonals, serial_shops,
          nicolae_take_the_stairs, minmay_elf_demonology, grunt_megastairs_3
Elf:2:    nicolae_elf_blades_crystal_corner, layout_loops_cross, serial_shops,
          shop
Elf:3:    elf_hall, layout_geoelf_octagon, uniq_mara
Vaults:1: v_rooms_2, v_misc_5, nicolae_vaults_offset_grid_hallway_1,
          nicolae_vaults_trapezoid_4, v_misc_33, v_misc_3,
          nicolae_vaults_shelves_hall, v_misc_2, vaults_dpeg_emergency_exit,
          hangedman_vaults_trim, layout_vaults_omnicross, serial_shops, shop,
          uniq_asterion, uniq_aizul
Vaults:2: mu_enter_wizlab_5, minmay_crypt_entry_simple_round,
          nicolae_vaults_shrinking_rooms_2, nicolae_vaults_closet_pinwheel_5,
          nicolae_vaults_network_quinsquares
          [nicolae_vaults_network_quincunx_subvault,
          nicolae_vaults_network_quincunx_subvault,
          nicolae_vaults_network_quincunx_subvault,
          nicolae_vaults_network_quincunx_subvault], vaults_room_corners,
          hangedman_vaults_pinch, nicolae_vaults_asterisk,
          vaults_room_semicircle, nicolae_vaults_border_crossing,
          nicolae_vaults_murder_corner, layout_vaults_ring, serial_shops,
          nicolae_shop_temple_entry_statues_fountains, uniq_norris
Vaults:3: nicolae_vaults_stairing_the_circle, nicolae_vaults_turnstiles,
          hangedman_vaults_capsules, nicolae_vaults_offset_grid_hallway_1,
          ontoclasm_vaults_hangar, hangedman_vaults_river_flow,
          grunt_vaults_funnel, v_misc_3, nicolae_vaults_little_squares_3,
          layout_vaults_quadrants
Vaults:4: st_octagons_2, nicolae_vaults_stepped_doors,
          nicolae_vaults_sightless_eye, ontoclasm_vaults_hangar, v_misc_2,
          nicolae_vaults_theta, vaults_mumra_chevron_long,
          nicolae_vaults_alarming, v_misc_9, nicolae_vaults_wine_cellar,
          ontoclasm_vaults_ring_large, nicolae_vaults_prndl,
          nicolae_vaults_layer_cake_slice, layout_vaults_maze, serial_shops,
          nicolae_shop_back_alley_shop
Crypt:1:  layout_regular_city, skrybe_necro_troll_1, uniq_donald
Crypt:2:  layout_gridlike
Crypt:3:  grunt_crypt_end_deaths_head, uniq_grunn, uniq_bai_suzhen
Depths:1: minmay_the_grid_octo_tiled_squarecenter_mashed
          [minmay_the_grid_octo_fan_narrow, minmay_the_grid_octo_checkerflower,
          minmay_the_grid_octo_thin_diamonds,
          minmay_the_grid_octo_vomiting_pacman,
          minmay_the_grid_square_5x5_megaprize_crossed,
          minmay_the_grid_square_5x5_two_small,
          minmay_the_grid_square_5x5_eight_small,
          minmay_the_grid_square_5x5_inner_z, minmay_the_grid_square_5x5_fat_x],
          layout_cave_shapes, grunt_hell_entry_dis_grunt,
          minmay_misc_feat_doors, chei_slow_surprise
Depths:2: minmay_open_boxes_in_corner, layout_cave_shapes,
          rand_demon_pan_entry_3, nicolae_uskayaw_en_pointe, abyss_entry,
          hell_entry, zin_statuary, kennysheep_random_hallway,
          minmay_shop_grove, uniq_josephina, uniq_enchantress
Depths:3: minmay_concentric_multi, layout_basic, enter_ziggurat_d,
          rand_demon_pan_entry_8, hangedman_abyss_entry_splay, hell_entry,
          infiniplex_staircase_zigzag_1, uniq_parghit, uniq_boris, uniq_margery
Depths:4: hangedman_pleasuredromes, hell_entry, abyss_entry
Zot:1:    layout_basic
Zot:2:    layout_misc_corridors, hangedman_zot_wheel_spokes,
          regret_index_zotdec_bone_old
Zot:3:    layout_gridlike, regret_index_zotdec_barnacled_simple
Zot:4:    regret_index_all_hallows'_manor, layout_twisted_circle,
          lemuel_baited_zot_trap, nicolae_zig_zag_zippers
Zot:5:    layout_twisted_circle

Skill      XL: |  1  2  3  4  5  6  7  8  9 10 11 12 13 14 15 16 17 18 19 20 21 22 23 24 25 |
---------------+----------------------------------------------------------------------------+-----
Stealth        | 3 4 |  4.5
Conjurations   | 5 6 7 9 10 11 14 | 14.0
Fighting       | 1 2 3 4 6 7 8 9 10 11 12 13 15 | 15.3
Spellcasting   | 4 5 6 7 9 10 11 12 13 15 17 18 19 21 23 24 25 | 25.0
Alchemy        | 1 2 3 5 6 7 8 |  8.0
Dodging        | 3 4 5 6 8 10 12 13 14 15 16 18 19 20 | 20.5
Translocations | 1 5 6 7 10 | 10.0
Invocations    | 3 6 8 9 11 12 | 12.0
Shields        | 2 4 5 9 11 13 | 13.6
Earth Magic    | 2 6 10 12 | 12.1
Hexes          | 7 8 |  8.0
Fire Magic     | 3 |  3.2
Staves         | 4 |  4.0
Evocations     | 4 7 |  7.0
Summonings     | 8 11 12 15 16 18 20 23 24 | 24.9
Armour         | 4 6 |  6.4
Necromancy     | 3 5 |  5.0

Action                     |  1- 3 |  4- 6 |  7- 9 | 10-12 | 13-15 | 16-18 | 19-21 | 22-24 | 25-27 || total
---------------------------+-------+-------+-------+-------+-------+-------+-------+-------+-------++-------
  Melee: Staff             |       |    11 |     8 |    50 |    52 |    62 |    12 |    35 |    14 ||   244
   Fire: Sling             |       |       |       |    11 |       |       |       |       |       ||    11
   Cast: Magic Dart        |    47 |   101 |   122 |   352 |   233 |     2 |       |       |       ||   857
         Searing Ray       |     1 |    12 |    24 |    39 |     5 |       |       |       |       ||    81
         Fulminant Prism   |       |       |    19 |    79 |    33 |     2 |       |       |       ||   133
         Iskenderun's Myst |       |       |    21 |    61 |    55 |    26 |     5 |       |       ||   168
         Iskenderun's Batt |       |       |       |     9 |    24 |       |       |       |       ||    33
         Dazzling Flash    |       |       |       |     2 |       |       |       |       |       ||     2
         Olgreb's Toxic Ra |       |       |       |       |    92 |     3 |    47 |     6 |       ||   148
         Ignite Poison     |       |       |       |       |   102 |     4 |    95 |    12 |       ||   213
         Yara's Violent Un |       |       |       |       |     4 |    17 |    42 |    54 |     2 ||   119
         Bombard           |       |       |       |       |   139 |   465 |   478 |   604 |   178 ||  1864
         Lee's Rapid Decon |       |       |       |       |    89 |    83 |    30 |    55 |    33 ||   290
         Irradiate         |       |       |       |       |       |    17 |    21 |    34 |     7 ||    79
         Fire Storm        |       |       |       |       |       |     2 |       |       |       ||     2
         Spellforged Servi |       |       |       |       |       |     9 |    10 |    40 |    13 ||    72
         Blink             |       |       |       |       |       |     1 |     6 |     5 |     1 ||    13
         Apportation       |       |       |       |       |       |       |    16 |     2 |     1 ||    19
         Malign Gateway    |       |       |       |       |       |       |     2 |     4 |       ||     6
         Borgnjor's Vile C |       |       |       |       |       |       |     1 |     8 |       ||     9
         Summon Horrible T |       |       |       |       |       |       |       |     5 |     2 ||     7
         Haunt             |       |       |       |       |       |       |       |    10 |     5 ||    15
         Shatter           |       |       |       |       |       |       |       |     1 |     1 ||     2
         Martyr's Knell    |       |       |       |       |       |       |       |     3 |       ||     3
         Dragon's Call     |       |       |       |       |       |       |       |       |     9 ||     9
 Invoke: Channel Magic     |       |       |       |     1 |    13 |    16 |    12 |    20 |     7 ||    69
         Forget Spell      |       |       |       |       |     2 |       |       |       |       ||     2
         Divine Exegesis   |       |       |       |       |       |     2 |       |     1 |     1 ||     4
  Evoke: Wand              |       |       |     3 |    14 |       |     2 |     1 |     2 |     1 ||    23
         Box of beasts     |       |       |       |     1 |       |     1 |       |     1 |       ||     3
    Use: Scroll            |     3 |     3 |     2 |    10 |    19 |    11 |     8 |    16 |     4 ||    76
         Potion            |       |       |     2 |       |     2 |     2 |     8 |     8 |     6 ||    28
   Stab: Distracted        |       |       |       |       |       |     1 |       |       |       ||     1
 Armour: Robe              |       |    11 |    47 |   116 |   167 |       |       |       |     5 ||   346
         Troll leather arm |       |       |       |    62 |    35 |   288 |   226 |   247 |    42 ||   900
         Skin              |       |       |       |       |       |     1 |       |       |       ||     1
  Dodge: Dodged            |     2 |     6 |    64 |   244 |   224 |   261 |   171 |   158 |    47 ||  1177
  Block: Buckler           |       |       |       |    70 |    72 |   104 |    56 |       |       ||   302
         Kite shield       |       |       |       |       |       |       |    21 |   169 |    62 ||   252

Table legend: (Time is in decaauts)
 A = Elapsed time spent in this place.
 B = Non-inter-level travel time spent in this place.
 C = Inter-level travel time spent in this place.
 D = Time resting spent in this place.
 E = Time spent auto-exploring this place.
 F = Levels seen in this place.
 G = Mean time per level.
                   A        B        C        D        E       F      G
               +--------+--------+--------+--------+--------+-----+--------+
         Total |  79212 |  71335 |   7877 |   6753 |  50724 |  59 | 1342.6 |
       Dungeon |  24267 |  21199 |   3068 |   2114 |  16014 |  15 | 1617.8 |
        Temple |     88 |     70 |     18 |     63 |      0 |   1 |   88.0 |
          Lair |   8807 |   8087 |    720 |    396 |   6571 |   5 | 1761.4 |
         Swamp |   4514 |   4287 |    227 |    326 |   2870 |   4 | 1128.5 |
     Snake Pit |   6348 |   5390 |    958 |    638 |   3728 |   4 | 1587.0 |
    Slime Pits |    767 |    725 |     42 |    222 |    141 |   5 |  153.4 |
  Orcish Mines |   3998 |   3519 |    479 |    399 |   2512 |   2 | 1999.0 |
   Elven Halls |   4051 |   3579 |    472 |    349 |   2336 |   3 | 1350.3 |
        Vaults |   6792 |   6239 |    553 |     81 |   5182 |   4 | 1698.0 |
         Crypt |   4002 |   3829 |    173 |    155 |   2795 |   3 | 1334.0 |
        Depths |   6777 |   6035 |    742 |    511 |   4125 |   4 | 1694.2 |
           Zot |   5630 |   5210 |    420 |    646 |   3406 |   5 | 1126.0 |
         Abyss |    448 |    448 |      0 |    203 |     92 |   1 |  448.0 |
      Ice Cave |   1077 |   1077 |      0 |    204 |    577 |   1 | 1077.0 |
        Wizlab |    892 |    892 |      0 |    191 |    164 |   1 |  892.0 |
      Gauntlet |    745 |    745 |      0 |    255 |    208 |   1 |  745.0 |
               +--------+--------+--------+--------+--------+-----+--------+

Top non-repeatable levels by time:
    D:11: 2979 daAuts
  Lair:5: 2682 daAuts
   Orc:2: 2247 daAuts
     D:9: 2153 daAuts
    D:15: 2145 daAuts
Depths:4: 2142 daAuts
    D:12: 2071 daAuts
 Snake:2: 1992 daAuts
Vaults:2: 1917 daAuts
    D:10: 1868 daAuts
  Lair:2: 1860 daAuts
Vaults:1: 1801 daAuts
     D:8: 1800 daAuts
   Orc:1: 1750 daAuts
     D:6: 1746 daAuts
